 Dungeon Crawl Stone Soup version 0.20.1-1-g8b1a95d (webtiles) character file.

1472 Irenicus the Cleaver (level 8, -2/62 HPs)
             Began as a Deep Dwarf Earth Elementalist on Nov 4, 2017.
             Was an Initiate of Makhleb.
             Slain by a wraith (6 damage)
             ... on level 7 of the Dungeon.
             The game lasted 00:15:32 (2409 turns).

Irenicus the Cleaver (DDEE)                         Turns: 2409, Time: 00:15:33

Health: -2/62      AC:  3    Str: 11    XL:     8   Next: 49%
Magic:  0/9        EV: 12    Int: 16    God:    Makhleb [......]
Gold:   174        SH:  0    Dex: 14    Spells: 7/11 levels left

rFire    . . .     SeeInvis .   a - +0 hand axe
rCold    . . .     Gourm    .   (no shield)
rNeg     . . .     Faith    .   h - +0 leather armour
rPois    .         Spirit   .   (helmet restricted)
rElec    .         Reflect  .   (no cloak)
rCorr    .         Harm     .   (no gloves)
MR       ++...                  (no boots)
Stlth    ++........             (no amulet)
Regen    0.0/turn               (no ring)
MPRegen  0.2/turn               (no ring)

@: very slightly contaminated, non-regenerating
A: damage resistance, heal wounds, horns 1, talons 1, dopey 1, magic resistance
1, sense surroundings 1, no regeneration
a: Heal Wounds, Renounce Religion


You were on level 7 of the Dungeon.
You worshipped Makhleb.
Makhleb was noncommittal.
You were very hungry.

You visited 2 branches of the dungeon, and saw 8 of its levels.
You also visited: Sewer.

You collected 174 gold pieces.

Inventory:

Hand Weapons
 a - a +0 hand axe (weapon)
Armour
 c - a +0 robe
 h - a +0 leather armour (worn)
Magical Staves
 f - an uncursed staff of cold
Scrolls
 b - a scroll of teleportation
 l - a scroll of enchant armour {unknown}
Potions
 i - 3 potions of curing
 m - a potion of might
 n - a potion of brilliance
Books
 e - a book of Geomancy

   Spells                             Type                      Level
   a - Sandblast                      Earth                        1
   b - Passwall                       Transmutation/Earth          2
   c - Stone Arrow                    Conjuration/Earth            3
   d - Petrify                        Transmutation/Earth          4
   e - Lee's Rapid Deconstruction     Earth                        5
Comestibles
 d - 2 bread rations
 j - 3 fruits
 k - 3 meat rations


   Skills:
 - Level 10.1 Axes
 - Level 2.2 Dodging
 - Level 2.4 Stealth
 - Level 2.0 Spellcasting
 + Level 1.1 Conjurations
   Level 0.8 Transmutations
 - Level 7.1 Earth Magic


You had 7 spell levels left.
You knew the following spells:

 Your Spells              Type           Power        Failure   Level  Hunger
a - Sandblast             Erth           ###...       1%          1    #......
b - Stone Arrow           Conj/Erth      ##....       14%         3    ###....


Dungeon Overview and Level Annotations

Branches:
Dungeon (7/15)             Temple (1/1) D:7

Altars:
Ashenzari
Dithmenos
Elyvilon
Fedhas
Hepliaklqana
Makhleb
Nemelex Xobeh
Okawaru
Qazlal
Ru
Sif Muna
Uskayaw
Vehumet
Xom
The Shining One

Shops:
D:4 (   D:6 *


Innate Abilities, Weirdness & Mutations

You are resistant to damage.
You can heal yourself by infusing magical energy.
You passively map a small area around you.
You do not regenerate.
You have a pair of small horns on your head.
You have sharp toenails.
You are dopey. (Int -2)
You are resistant to hostile enchantments. (MR+)


Message History

Press: ? - help, Shift-Dir - straight line, f/p - wraith
Aim: a wraith (severely damaged)
You don't have any stones to cast with.
Casting: Sandblast
Confirm with . or Enter, or press ? or * to list all spells.
Aiming: Stone Arrow
Press: ? - help, Shift-Dir - straight line, f/p - wraith
Aim: a wraith (severely damaged)
You miscast Stone Arrow.
You are very lightly contaminated with residual magic.
You smell something strange.
The wraith barely misses you.
Casting: Stone Arrow
Confirm with . or Enter, or press ? or * to list all spells.
Aiming: Stone Arrow
Press: ? - help, Shift-Dir - straight line, f/p - wraith
Aim: a wraith (severely damaged)
The stone arrow hits the wraith.
The wraith is almost destroyed.
The wraith hits you!
You die...

#.# #.#
#......(..... *
#.# #.#
#####.#.##### #.
#.# ..###..... #.#
#.#.#.##### , #.#
# #.## , #.#
*,*#.# * #.# #.#
#.# #.# #@# #.# *
* *#W# #.# #....#
* ,#.# # *
#J##.####.#.######
, ...
,...#.#....... * ,
,
#)#####.#.########
, , * ,
#.##..#.#.# # * *
.#..#.#.#.# # , ,
*, # ##.#..#.#
####


You could see a wraith and a jelly.

Vanquished Creatures
  A wraith (D:7)
  A sky beast (D:6)
  Purgy (Sewer)
  2 ogres (D:7)
  2 centaurs
  2 bullfrogs
  A wyvern zombie (D:4)
  2 scorpions
  A crimson imp (D:7)
  A jelly (D:6)
  A bullfrog skeleton (D:5)
  An orc wizard (D:4)
  An iguana (D:4)
  5 worker ants
  3 adders
  14 gnolls
  An adder skeleton (D:5)
  2 worms
  4 dart slugs
  4 leopard geckos
  4 orcs
  2 ball pythons
  5 bats
  2 giant cockroaches
  2 goblins (D:3)
  7 hobgoblins
  6 jackals
  5 quokkas
  5 frilled lizards
  A jackal skeleton (D:4)
  9 kobolds
  2 rats (D:1)
100 creatures vanquished.

Vanquished Creatures (others)
  10 toadstools (D:3)
10 creatures vanquished.

Grand Total: 110 creatures vanquished

Notes
Turn   | Place    | Note
-------+----------+-------------------------------------------
     0 | D:1      | Irenicus the Deep Dwarf Earth Elementalist began the quest for the Orb.
     0 | D:1      | Reached XP level 1. HP: 15/15 MP: 3/3
   143 | D:1      | Reached XP level 2. HP: 14/22 MP: 1/5
   255 | D:2      | Reached skill level 5 in Earth Magic
   259 | D:1      | Reached XP level 3. HP: 18/28 MP: 1/6
   529 | D:2      | Reached XP level 4. HP: 9/36 MP: 5/7
   530 | D:2      | HP: 1/36 [gnoll/spear (8)]
   759 | D:4      | Reached skill level 1 in Axes
   759 | D:4      | Reached XP level 5. HP: 23/42 MP: 5/8
   791 | D:4      | Found Furixzin's Antique Weapon Shoppe.
   814 | D:4      | Reached skill level 2 in Axes
   858 | D:4      | Found a glowing drain.
   868 | Sewer    | Entered a sewer
   943 | Sewer    | Noticed Purgy
   947 | Sewer    | Killed Purgy
   947 | Sewer    | Reached skill level 4 in Axes
   947 | Sewer    | Reached XP level 6. HP: 23/49 MP: 4/9
  1066 | D:4      | Reached skill level 5 in Axes
  1100 | D:4      | Found a shattered altar of Ashenzari.
  1231 | D:5      | Entered Level 5 of the Dungeon
  1241 | D:5      | Gained mutation: You are resistant to hostile enchantments. (MR+) [potion of mutation]
  1241 | D:5      | Gained mutation: You are dopey. (Int -2) [potion of mutation]
  1241 | D:5      | Gained mutation: You have sharp toenails. [potion of mutation]
  1241 | D:5      | Gained mutation: You have a pair of small horns on your head. [potion of mutation]
  1252 | D:5      | Reached skill level 6 in Axes
  1252 | D:5      | Reached XP level 7. HP: 28/55 MP: 1/10
  1313 | D:5      | Found a stormy altar of Qazlal.
  1433 | D:5      | Reached skill level 7 in Axes
  1596 | D:6      | Reached skill level 8 in Axes
  1602 | D:6      | Learned a level 3 spell: Stone Arrow
  1610 | D:6      | Found Fogaew's General Store.
  1632 | D:6      | HP: 1/55 [bullfrog (7)]
  1748 | D:7      | Noticed a wraith
  1748 | D:7      | Noticed a wraith
  1756 | D:7      | HP: 2/55 [wraith (9)]
  1780 | D:7      | Killed a wraith
  1780 | D:7      | Reached skill level 9 in Axes
  1780 | D:7      | Reached XP level 8. HP: 14/62 MP: 3/10
  1854 | D:7      | Found a staircase to the Ecumenical Temple.
  1862 | Temple   | Entered the Ecumenical Temple
  2032 | Temple   | Became a worshipper of Makhleb the Destroyer
  2083 | D:7      | Reached skill level 1 in Conjurations
  2088 | D:7      | Reached skill level 10 in Axes
  2369 | D:7      | Found a shattered altar of Ashenzari.
  2409 | D:7      | Slain by a wraith

Skill      XL: |  1  2  3  4  5  6  7  8 |
---------------+-------------------------+-----
Spellcasting   | 2 |  2.0
Earth Magic    | 5 6 7 |  7.1
Axes           | 1 4 6 9 10 | 10.1
Conjurations   | 1 |  1.1
Dodging        | |  2.2
Stealth        | |  2.4
Transmutations | |  0.8

Action                   |  1- 3 |  4- 6 |  7- 9 || total
-------------------------+-------+-------+-------++-------
Melee: Hand axe          |     4 |    34 |    72 ||   110
       Kick              |       |     1 |    13 ||    14
       Headbutt          |       |       |     5 ||     5
 Cast: Sandblast         |    31 |    68 |    52 ||   151
       Stone Arrow       |       |       |     7 ||     7
 Abil: Heal Wounds       |       |       |     4 ||     4
  Use: Scroll            |     1 |     2 |     3 ||     6
       Potion            |       |    11 |     7 ||    18
 Stab: Invisible         |       |     2 |       ||     2
  Eat: Chunk             |       |     2 |     5 ||     7
Armor: Robe              |     1 |       |       ||     1
       Leather armour    |       |    13 |    12 ||    25
       Skin              |       |       |    21 ||    21
Dodge: Dodged            |    11 |    69 |    61 ||   141
